 Dungeon Sprint DCSS version 0.17.2-1-ge4368a0 (webtiles) character file.

17746 mopl the Unseen (level 12, -5/66 HPs)
             Began as a Spriggan Assassin on Aug 23, 2016.
             Was the Champion of Trog.
             Slain by a hell knight
             ... wielding a +1 halberd
             ... led by Margery
              (26 damage)
             ... in the Dungeon (Sprint IX: "|||||||||||||||||||||||||||||").
             The game lasted 00:11:35 (2809 turns).

mopl the Unseen (Spriggan Assassin)                 Turns: 2809, Time: 00:11:35

Health: -5/66      AC:  5    Str:  7    XL:     12   Next: 21%
Magic:  21/21      EV: 33    Int: 13    God:    Trog [******]
Gold:   1201       SH:  0    Dex: 22    Spells: 0 memorised, 11 levels left

rFire  + . .     SeeInvis +     b - +2 blowgun
rCold  . . .     Clarity  .     c - +0 robe
rNeg   . . .     SustAt   .     (shield restricted)
rPois  .         Gourm    .     (helmet restricted)
rElec  .         Spirit   .     d - +0 cloak
rCorr  .         Warding  .     (gloves unavailable)
rMut   .         NoTele   +     (boots unavailable)
MR     ++...                    (no amulet)
Stlth  +++++++++.               K - ring of protection from fire
                                r - +2 ring of protection

@: very quick, very resistant to hostile enchantments, incredibly stealthy
A: unfitting armour, see invisible, herbivore 3, speed 3, slow metabolism 2
a: Berserk, Trog's Hand, Brothers in Arms, Burn Spellbooks, Renounce Religion


You were in the Dungeon.
You worshipped Trog.
Trog was exalted by your worship.
You were full.

You visited 1 branch You collected 1921 gold pieces.
You spent 720 gold pieces at shops.

Inventory:

Hand Weapons
 a - a +10 quick blade
 b - a +2 blowgun (weapon)
 p - a +2 rapier of flaming
 q - the +2 scimitar of Dithmenos's Supremacy {slice, *Rage rPois Str+6}
   (You found it in the Dungeon)

   It inflicts extra damage upon your enemies.
   It affects your strength (+6).
   It protects you from poison.
   It may make you go berserk in combat.
 E - the +3 short sword of Hecum {flame, rF+ rC- rN+++ MR-}
   (Trog gifted it to you in the Dungeon)

   It has been specially enchanted to burn those struck by it, causing extra
   injury to most foes and up to half again as much damage against particularly
   susceptible opponents.
   It protects you from fire.
   It makes you vulnerable to cold.
   It renders you almost immune to negative energy.
   It affects your resistance to hostile enchantments.
Missiles
 e - a needle of sleeping (quivered)
 f - 7 poisoned needles
 v - 9 curare-tipped needles
 w - 9 tomahawks of returning
 x - 6 needles of frenzy
 y - 4 needles of slowing
 B - 2 poisoned tomahawks
 C - 5 tomahawks
 H - 2 throwing nets
 M - 2 needles of confusion
Armour
 c - a +0 robe (worn)
 d - a +0 cloak (worn)
Jewellery
 r - a +2 ring of protection (left hand)
 K - a ring of protection from fire (right hand)
 L - an uncursed ring of ice
 N - an uncursed ring of protection from magic
Wands
 o - a wand of fire (0)
Scrolls
 m - 4 scrolls of blinking
 n - 5 scrolls of remove curse
 t - a scroll of magic mapping
 u - 4 scrolls of fear
 F - a scroll of enchant armour
 G - a scroll of recharging
Potions
 g - 2 potions of might
 h - 9 potions of curing
 i - 13 potions of heal wounds
 j - a potion of haste
 k - 4 potions of magic
 l - a potion of invisibility
 s - a potion of brilliance
 D - a potion of flight
 I - a potion of cure mutation {!q}
 J - a potion of resistance
Comestibles
 z - 40 fruits
 A - 11 bread rations


   Skills:
 + Level 9.3 Fighting
 + Level 11.7 Short Blades
 * Level 18.8 Throwing
 + Level 14.4 Dodging
 + Level 20.6 Stealth
 + Level 11.9 Evocations


You had 11 spell levels left.
You didn't know any spells.

Dungeon Overview and Level Annotations

Branches:
Dungeon (1/1)

Altars:
Cheibriados
Dithmenos
Elyvilon
Fedhas
Gozag
Kikubaaqudgha
Makhleb
Nemelex Xobeh
Okawaru
Qazlal
Ru
Sif Muna
Trog
Vehumet
Xom
Yredelemnul
Zin
The Shining One
Beogh
Jiyva
Lugonu

Shops:
D ***(

Annotations:
D Margery


Innate Abilities, Weirdness & Mutations

You are tiny and cannot use many weapons and most armour.
You have supernaturally acute eyesight.
You are a herbivore.
You cover ground extremely quickly.
You need consume almost no food.


Message History

Margery is lightly wounded.
Margery gestures at you while chanting. The bolt of fire misses you.
The bolt of fire hits the hell knight.
The hell knight completely resists.
Firing (i - inventory. (,) - cycle):
e - 3 needles of sleeping (quivered)
Press: ? - help, Shift-Dir - straight line, f/p - Margery
Aim: Margery, wielding a battleaxe of flaming and wearing a fire dragon armour (lightly wounded, poisoned)
You shoot a needle of sleeping.
The needle of sleeping closely misses Margery.
The needle of sleeping hits the necromancer!
The necromancer resists.
Firing (i - inventory. (,) - cycle):
e - 2 needles of sleeping (quivered)
Press: ? - help, Shift-Dir - straight line, f/p - Margery
Aim: Margery, wielding a battleaxe of flaming and wearing a fire dragon armour (lightly wounded, poisoned)
You shoot a needle of sleeping. The needle of sleeping hits Margery!!
Margery resists.
Margery is lightly wounded.
Margery misses you.
The hell knight hits you from afar with an enchanted halberd!!
You die...

.................................
▓▓▓▓▓▓▓▓▓▓▓▓▓▓▓▓▓▓▓▓▓▓▓▓▓▓▓▓▓▓▓▓▓
.∩.∩.∩)∩....†)))...)†..).)'.).)..
▓▓▓▓▓▓▓▓▓▓▓▓▓▓▓▓▓▓▓▓▓▓▓▓▓▓▓▓▓▓▓▓▓
........)........................
▓▓▓▓▓▓▓▓▓▓▓▓▓▓▓▓▓▓▓▓▓▓▓▓▓▓▓▓▓▓▓▓▓
.†...).).)('=.).......[[[[[[[[.))
▓▓▓▓▓▓▓▓▓▓▓▓▓▓▓▓▓▓▓▓▓▓▓▓▓▓▓▓▓▓▓▓▓
..............p.@@pp....,,,,,,,,,
▓▓▓▓▓▓▓▓▓▓▓▓▓▓▓▓▓▓▓♣♣♣♣♣*********
,,,,,,,,+,≈≈≈,,,,,+,,,,,,,,,+,,,,
*********************************
,,,,,,,,,,,,,,,,,,,,,,,,,,,,,,,,,
*********************************
,,,,,,,,,,,,,,,,,+,,,,,,,,,,,,,,,
*********************************
,,,,,,,,,,,,,,,,,,,,,,,,,,,,,,,,,


You could see Margery, 2 hell knights and a necromancer (invisible).

Vanquished Creatures
  A very ugly thing (D)
  An ettin (D)
  Erolcha (D)
  A centaur warrior (D)
  An ogre mage (D)
  Sonja (D)
  An iron troll (D)
  A hell knight (D)
  A hill giant (D)
  3 orc knights (D)
  An elephant (D)
  A yaktaur (D)
  A spiny frog (D)
  2 komodo dragons (D)
  2 polar bears (D)
  A two-headed ogre (D)
  A blink frog (D)
  3 hippogriffs (D)
  3 basilisks (D)
  A mottled dragon (D)
  2 water moccasins (D)
  11 orc warriors (D)
  An eye of draining (D)
  2 porcupines (D)
  A crocodile (D)
  A big kobold (D)
  4 giant frogs (D)
  2 scorpions (D)
  A crimson imp (D)
  3 orc priests (D)
  2 orc wizards (D)
  2 worker ants (D)
  An adder skeleton (D)
  An adder zombie (D)
  6 orcs (D)
  A bat skeleton (D)
  A bat zombie (D)
  A giant cockroach (D)
  A goblin (D)
  2 hobgoblins (D)
  2 ball pythons (D)
  A ball python skeleton (D)
77 creatures vanquished.

Vanquished Creatures (collateral kills)
  A lich (D)
  A frost giant (D)
  An ettin (D)
  A great orb of eyes (D)
  2 ogre magi (D)
  An iron troll (D)
  A deep troll (D)
  2 hill giants (D)
  A yaktaur (D)
  3 polar bears (D)
  2 slime creatures (D)
  4 trolls (D)
  An ice beast (D)
  3 black bears (D)
  An orc priest (D)
  An orc wizard (D)
  An orc (D)
27 creatures vanquished.

Grand Total: 104 creatures vanquished

Notes
Turn   | Place    | Note
--------------------------------------------------------------
     0 | D        | mopl the Spriggan Assassin began the quest for the Orb.
     0 | D        | Reached XP level 1. HP: 10/10 MP: 2/2
     9 | D        | Reached skill level 6 in Stealth
    12 | D        | Reached skill level 3 in Throwing
    28 | D        | Noticed an orc priest
    28 | D        | Noticed a scorpion
    30 | D        | Killed a scorpion
    30 | D        | Reached skill level 6 in Throwing
    30 | D        | Reached skill level 8 in Stealth
    30 | D        | Reached XP level 2. HP: 4/14 MP: 3/3
    30 | D        | Reached XP level 3. HP: 5/18 MP: 4/4
   326 | D        | Killed an orc priest
   326 | D        | Reached skill level 7 in Throwing
   326 | D        | Reached skill level 9 in Stealth
   326 | D        | Reached XP level 4. HP: 9/22 MP: 5/5
   539 | D        | Found a glowing silver altar of Zin.
   539 | D        | Found a glowing golden altar of the Shining One.
   539 | D        | Found an ancient bone altar of Kikubaaqudgha.
   539 | D        | Found a basalt altar of Yredelemnul.
   539 | D        | Found a shimmering altar of Xom.
   539 | D        | Found a radiant altar of Vehumet.
   540 | D        | Found an iron altar of Okawaru.
   541 | D        | Found a burning altar of Makhleb.
   542 | D        | Found a deep blue altar of Sif Muna.
   543 | D        | Found a bloodstained altar of Trog.
   544 | D        | Found a sparkling altar of Nemelex Xobeh.
   545 | D        | Found a white marble altar of Elyvilon.
   546 | D        | Found a roughly hewn altar of Beogh.
   547 | D        | Found a viscous altar of Jiyva.
   548 | D        | Found a corrupted altar of Lugonu.
   549 | D        | Found a blossoming altar of Fedhas.
   550 | D        | Found a snail-covered altar of Cheibriados.
   551 | D        | Became a worshipper of Trog the Wrathful
   552 | D        | Found a shadowy altar of Dithmenos.
   553 | D        | Found a stormy altar of Qazlal.
   554 | D        | Found an opulent altar of Gozag.
   555 | D        | Found a sacrificial altar of Ru.
   572 | D        | Got the +2 scimitar of Dithmenos's Supremacy {slice, *Rage rPois Str+6}
   582 | D        | Noticed a hippogriff
   582 | D        | Noticed a scorpion
   582 | D        | Noticed a crimson imp
   582 | D        | Noticed an orc warrior
   582 | D        | Noticed a worker ant
   584 | D        | Killed a worker ant
   584 | D        | Reached skill level 10 in Stealth
   602 | D        | Killed an orc warrior
   602 | D        | Reached skill level 9 in Throwing
   602 | D        | Reached skill level 11 in Stealth
   602 | D        | Reached XP level 5. HP: 25/25 MP: 6/6
   628 | D        | Killed a scorpion
   628 | D        | Reached * piety under Trog
   628 | D        | Reached skill level 10 in Throwing
   628 | D        | Reached skill level 12 in Stealth
   637 | D        | Killed a hippogriff
   637 | D        | Reached skill level 11 in Throwing
   637 | D        | Reached skill level 13 in Stealth
   637 | D        | Reached XP level 6. HP: 30/30 MP: 7/7
   639 | D        | Reached ** piety under Trog
   721 | D        | Killed a crimson imp
   868 | D        | Noticed a mottled dragon
   868 | D        | Noticed a two-headed ogre
   868 | D        | Noticed an eye of draining
   868 | D        | Noticed a worker ant
   868 | D        | Noticed a big kobold
   870 | D        | Killed a big kobold
   870 | D        | Reached skill level 12 in Throwing
   872 | D        | Killed a worker ant
   872 | D        | Reached skill level 14 in Stealth
   872 | D        | Reached XP level 7. HP: 33/33 MP: 8/8
   905 | D        | Killed an eye of draining
   905 | D        | Reached *** piety under Trog
   915 | D        | Killed a two-headed ogre
   915 | D        | Received a gift from Trog
   915 | D        | Reached skill level 13 in Throwing
   915 | D        | Reached skill level 15 in Stealth
   926 | D        | Killed a mottled dragon
   926 | D        | Reached skill level 2 in Dodging
  1147 | D        | Noticed a giant frog
  1147 | D        | Noticed a basilisk
  1147 | D        | Noticed a giant frog
  1147 | D        | Noticed a giant frog
  1147 | D        | Noticed a basilisk
  1147 | D        | Noticed a hippogriff
  1148 | D        | Noticed a water moccasin
  1149 | D        | Killed a hippogriff
  1149 | D        | Reached skill level 2 in Fighting
  1149 | D        | Reached skill level 3 in Short Blades
  1149 | D        | Reached skill level 3 in Dodging
  1149 | D        | Reached XP level 8. HP: 37/39 MP: 9/9
  1150 | D        | Noticed a water moccasin
  1151 | D        | Killed a basilisk
  1151 | D        | Reached skill level 4 in Dodging
  1152 | D        | Noticed a crocodile
  1158 | D        | Killed a giant frog
  1158 | D        | Reached **** piety under Trog
  1166 | D        | Killed a giant frog
  1166 | D        | Reached skill level 3 in Fighting
  1166 | D        | Reached skill level 4 in Short Blades
  1166 | D        | Reached skill level 14 in Throwing
  1185 | D        | Killed a basilisk
  1185 | D        | Received a gift from Trog
  1185 | D        | Reached skill level 5 in Dodging
  1185 | D        | Reached skill level 16 in Stealth
  1195 | D        | Killed a giant frog
  1213 | D        | Killed a water moccasin
  1213 | D        | Killed a crocodile
  1213 | D        | Reached skill level 5 in Short Blades
  1214 | D        | Killed a water moccasin
  1214 | D        | Reached ***** piety under Trog
  1214 | D        | Reached skill level 6 in Dodging
  1526 | D        | Noticed a komodo dragon
  1526 | D        | Noticed a porcupine
  1526 | D        | Noticed a giant frog
  1526 | D        | Noticed a porcupine
  1526 | D        | Noticed a hippogriff
  1526 | D        | Noticed a blink frog
  1527 | D        | Noticed a spiny frog
  1528 | D        | Killed a blink frog
  1528 | D        | Reached skill level 4 in Fighting
  1528 | D        | Reached XP level 9. HP: 45/45 MP: 10/10
  1529 | D        | Noticed an elephant
  1530 | D        | Killed a hippogriff
  1530 | D        | Reached skill level 7 in Dodging
  1531 | D        | Noticed a basilisk
  1532 | D        | Killed a porcupine
  1542 | D        | Killed a porcupine
  1542 | D        | Reached skill level 6 in Short Blades
  1544 | D        | Killed a komodo dragon
  1544 | D        | Reached skill level 15 in Throwing
  1544 | D        | Reached skill level 2 in Evocations
  1544 | D        | Killed a spiny frog
  1544 | D        | Received a gift from Trog
  1544 | D        | Reached skill level 5 in Fighting
  1544 | D        | Reached skill level 8 in Dodging
  1544 | D        | Reached skill level 17 in Stealth
  1545 | D        | Killed a giant frog
  1545 | D        | Reached skill level 3 in Evocations
  1550 | D        | Killed an elephant
  1550 | D        | Reached skill level 7 in Short Blades
  1566 | D        | Killed a basilisk
  1566 | D        | Reached skill level 4 in Evocations
  1686 | D        | Noticed a black bear
  1686 | D        | Noticed a polar bear
  1686 | D        | Noticed a black bear
  1686 | D        | Noticed a black bear
  1686 | D        | Noticed a polar bear
  1686 | D        | Noticed a polar bear
  1687 | D        | Noticed a polar bear
  1688 | D        | Killed a polar bear
  1688 | D        | Reached skill level 9 in Dodging
  1689 | D        | Noticed a polar bear
  1690 | D        | Killed a polar bear
  1697 | D        | Killed a black bear
  1701 | D        | Killed a polar bear
  1701 | D        | Reached skill level 5 in Evocations
  1701 | D        | Reached XP level 10. HP: 51/53 MP: 14/14
  1703 | D        | Killed a polar bear
  1704 | D        | Killed a black bear
  1704 | D        | Received a gift from Trog
  1705 | D        | Killed a black bear
  1721 | D        | Killed a polar bear
  1721 | D        | Received a gift from Trog
  1830 | D        | Noticed an orc priest
  1830 | D        | Noticed an orc wizard
  1830 | D        | Noticed an orc wizard
  1830 | D        | Noticed an orc priest
  1832 | D        | Killed an orc priest
  1833 | D        | Noticed an orc wizard
  1834 | D        | Killed an orc wizard
  1834 | D        | Received a gift from Trog
  1835 | D        | Noticed an orc priest
  1836 | D        | Killed an orc wizard
  1839 | D        | Noticed an ettin
  1844 | D        | Killed an orc priest
  1849 | D        | Killed an orc wizard
  1850 | D        | Received a gift from Trog
  1873 | D        | Killed an ettin
  1873 | D        | Reached skill level 6 in Fighting
  1873 | D        | Reached skill level 8 in Short Blades
  1873 | D        | Reached skill level 16 in Throwing
  1873 | D        | Reached skill level 10 in Dodging
  1873 | D        | Reached skill level 18 in Stealth
  1873 | D        | Reached skill level 6 in Evocations
  1914 | D        | Killed an orc priest
  1923 | D        | Reached ****** piety under Trog
  2042 | D        | Noticed an orc warrior
  2042 | D        | Noticed an orc warrior
  2042 | D        | Noticed an orc warrior
  2042 | D        | Noticed an orc knight
  2042 | D        | Noticed an orc warrior
  2042 | D        | Noticed an orc warrior
  2043 | D        | Noticed an orc warrior
  2044 | D        | Killed an orc warrior
  2044 | D        | Received a gift from Trog
  2071 | D        | Killed an orc warrior
  2106 | D        | Killed an orc knight
  2106 | D        | Received a gift from Trog
  2127 | D        | Killed an orc warrior
  2139 | D        | Killed an orc warrior
  2139 | D        | Received a gift from Trog
  2139 | D        | Reached skill level 7 in Evocations
  2148 | D        | Killed an orc warrior
  2175 | D        | Noticed an orc warrior
  2211 | D        | Killed an orc warrior
  2222 | D        | Killed an orc warrior
  2231 | D        | Noticed an orc warrior
  2247 | D        | Noticed an orc knight
  2248 | D        | Killed an orc warrior
  2255 | D        | Killed an orc knight
  2255 | D        | Reached skill level 9 in Short Blades
  2255 | D        | Reached skill level 11 in Dodging
  2264 | D        | Noticed an orc knight
  2265 | D        | Noticed an orc warrior
  2271 | D        | Killed an orc knight
  2271 | D        | Reached skill level 7 in Fighting
  2280 | D        | Killed an orc warrior
  2280 | D        | Received a gift from Trog
  2280 | D        | Reached skill level 8 in Evocations
  2351 | D        | Found Hygethri's Antique Weapon Boutique.
  2351 | D        | Noticed a troll
  2351 | D        | Noticed an ettin
  2351 | D        | Noticed an iron troll
  2351 | D        | Noticed a hill giant
  2351 | D        | Noticed an ogre mage
  2355 | D        | Killed an ogre mage
  2360 | D        | Killed a hill giant
  2360 | D        | Reached skill level 17 in Throwing
  2360 | D        | Reached XP level 11. HP: 58/58 MP: 18/18
  2361 | D        | Noticed an iron troll
  2362 | D        | Killed an iron troll
  2362 | D        | Reached skill level 19 in Stealth
  2362 | D        | Reached skill level 9 in Evocations
  2384 | D        | Killed an ettin
  2384 | D        | Reached skill level 12 in Dodging
  2386 | D        | Killed a troll
  2394 | D        | Killed an iron troll
  2394 | D        | Received a gift from Trog
  2394 | D        | Reached skill level 10 in Short Blades
  2396 | D        | Noticed an ogre mage
  2396 | D        | Killed an ogre mage
  2396 | D        | Received a gift from Trog
  2414 | D        | Found Keczivio's General Store.
  2418 | D        | Found Iladang's General Store.
  2418 | D        | Noticed an ogre mage
  2420 | D        | Found Iplicrysh's Assorted Antiques.
  2424 | D        | Killed an ogre mage
  2432 | D        | Noticed a troll
  2433 | D        | Noticed a hill giant
  2434 | D        | Noticed a deep troll
  2435 | D        | Bought a potion of heal wounds for 65 gold pieces
  2435 | D        | Bought a potion of flight for 39 gold pieces
  2435 | D        | Bought a potion of curing for 39 gold pieces
  2435 | D        | Bought a scroll of identify for 26 gold pieces
  2441 | D        | Killed a troll
  2443 | D        | Noticed a troll
  2444 | D        | Killed a hill giant
  2446 | D        | Noticed a troll
  2451 | D        | Killed a deep troll
  2451 | D        | Reached skill level 8 in Fighting
  2453 | D        | Killed a troll
  2453 | D        | Received a gift from Trog
  2454 | D        | Killed a troll
  2458 | D        | Got a crystal short sword {god gift}
  2459 | D        | Identified the +3 short sword of Hecum {flame, rF+ rC- rN+++ MR-} (Trog gifted it to you in the Dungeon)
  2469 | D        | Bought a scroll of enchant armour for 82 gold pieces
  2469 | D        | Bought a potion of might for 44 gold pieces
  2469 | D        | Bought a potion of degeneration for 11 gold pieces
  2469 | D        | Bought 2 throwing nets for 66 gold pieces
  2469 | D        | Bought a scroll of identify for 22 gold pieces
  2472 | D        | Bought a scroll labeled EHASTAMIOHO for 20 gold pieces
  2472 | D        | Bought a murky green potion for 18 gold pieces
  2472 | D        | Bought a scroll of magic mapping for 70 gold pieces
  2472 | D        | Bought a fizzy emerald potion for 18 gold pieces
  2472 | D        | Bought a runed copper ring for 100 gold pieces
  2472 | D        | Bought a large ruby ring for 100 gold pieces
  2517 | D        | Noticed Sonja
  2524 | D        | Killed Sonja
  2524 | D        | Reached skill level 10 in Evocations
  2642 | D        | Noticed a slime creature
  2642 | D        | Noticed an orc warrior
  2642 | D        | Noticed a komodo dragon
  2642 | D        | Noticed a centaur warrior
  2643 | D        | Noticed an ice beast
  2645 | D        | Noticed a hill giant
  2646 | D        | Killed a centaur warrior
  2646 | D        | Reached skill level 13 in Dodging
  2647 | D        | Noticed a lich
  2649 | D        | Noticed a great orb of eyes
  2654 | D        | Killed a komodo dragon
  2658 | D        | Killed an orc warrior
  2663 | D        | Noticed a slime creature
  2675 | D        | Killed a slime creature
  2680 | D        | Killed a lich
  2680 | D        | Reached skill level 18 in Throwing
  2680 | D        | Reached skill level 20 in Stealth
  2683 | D        | Killed a hill giant
  2683 | D        | Reached skill level 11 in Short Blades
  2684 | D        | Killed an ice beast
  2686 | D        | Killed a great orb of eyes
  2686 | D        | Received a gift from Trog
  2686 | D        | Reached skill level 11 in Evocations
  2690 | D        | Noticed a frost giant
  2692 | D        | Killed a slime creature
  2695 | D        | Noticed a yaktaur
  2696 | D        | Killed a frost giant
  2700 | D        | Killed a yaktaur
  2704 | D        | Noticed a yaktaur
  2705 | D        | Noticed a cyan very ugly thing
  2711 | D        | Killed a yaktaur
  2711 | D        | Received a gift from Trog
  2711 | D        | Reached skill level 9 in Fighting
  2711 | D        | Reached XP level 12. HP: 63/66 MP: 21/21
  2722 | D        | Killed a cyan very ugly thing
  2722 | D        | Reached skill level 14 in Dodging
  2748 | D        | Noticed Erolcha
  2755 | D        | Killed Erolcha
  2755 | D        | Received a gift from Trog
  2780 | D        | Noticed a hell knight
  2781 | D        | Noticed a hell knight
  2782 | D        | Noticed a necromancer
  2783 | D        | Noticed Margery
  2785 | D        | Noticed a hell knight
  2786 | D        | Noticed a hell knight
  2801 | D        | Killed a hell knight
  2809 | D        | Slain by a hell knight

Action                   |  1- 3 |  4- 6 |  7- 9 | 10-12 || total
-------------------------+-------+-------+-------+-------++-------
Melee: Dagger            |    26 |    65 |    54 |    72 ||   217
       Quick blade       |       |       |       |    19 ||    19
 Fire: Blowgun           |     3 |     7 |    19 |    38 ||    67
Throw: Tomahawk          |       |       |     4 |     4 ||     8
Invok: Berserk           |       |     1 |     2 |     1 ||     4
       Trog's Hand       |       |       |     1 |     2 ||     3
       Brothers in Arms  |       |       |     2 |     7 ||     9
Evoke: Wand              |       |       |     7 |       ||     7
  Use: Potion            |     1 |       |       |     1 ||     2
       Scroll            |       |       |       |     7 ||     7
 Stab: Sleeping          |     2 |     3 |    10 |    29 ||    44
       Distracted        |       |       |       |     1 ||     1
  Eat: Bread ration      |       |       |     1 |     1 ||     2
